 Dungeon Crawl Stone Soup version 0.30.1-3-gfc49f6343a (webtiles) character file.

Game seed: 11412053145522485420

30 growler the Ducker (level 3, -2/28 HPs)
             Began as a Demonspawn Gladiator on July 19, 2023.
             Slain by an orc
             ... wielding a +1 trident of freezing
              (4 damage)
             ... on level 3 of the Dungeon.
             The game lasted 00:03:00 (1049 turns).

growler the Ducker (Demonspawn Gladiator)           Turns: 1049, Time: 00:03:01

Health: -2/28      AC:  4    Str: 16    XL:     3   Next: 3%
Magic:  3/3        EV: 12    Int:  9    God:
Gold:   102        SH:  0    Dex: 14    Spells: 2/2 levels left

rFire   + . .        a - +0 long sword
rCold   + . .        (no shield)
rNeg    . . .        b - +0 leather armour
rPois   +            c - +0 helmet
rElec   +            (no cloak)
rCorr   +            (no gloves)
SInv    .            (no boots)
Will    .....        (no amulet)
Stlth   +            (no ring)
HPRegen 0.24/turn    (no ring)
MPRegen 0.08/turn

%: no passive effects
@: resistant
A: weakness stinger 2
a: no special abilities


You were on level 3 of the Dungeon.
You visited 1 branch of the dungeon, and saw 4 of its levels.

You collected 102 gold pieces.

Inventory:

Hand Weapons
 a - a +0 long sword (weapon)
Missiles
 d - 3 throwing nets (quivered)
 e - 4 javelins
Armour
 b - a +0 leather armour (worn)
 c - a +0 helmet (worn)
Jewellery
 f - an amulet of faith
Scrolls
 h - a scroll of enchant armour {unknown}
 i - 2 scrolls of immolation {unknown}
 j - a scroll of blinking {unknown}
 k - a scroll of magic mapping {unknown}


   Skills:
 + Level 2.4 Fighting
 + Level 3.0 Long Blades
 + Level 2.2 Throwing
 + Level 3.0 Dodging


You had 2 spell levels left.
You didn't know any spells.
Your spell library contained the following spells:

 Spells                   Type           Power      Damage    Failure   Level
 Cigotuvi's Dreadful Rot  Necr/Pois/Air  0%         N/A       58%         2
 Dazzling Flash           Conj/Hex       0%         N/A       83%         3
 Dispel Undead            Necr           0%         3d6       99%         4
 Metabolic Englaciation   Hex/Ice        0%         N/A       100%        5
 Death Channel            Necr           0%         N/A       100%        6
 Borgnjor's Revivificati  Necr           0%         N/A       100%        8


Dungeon Overview and Level Annotations

Branches:
Dungeon (4/15)
 Temple: D:4-7

Altars:

Annotations:
D:3 Ijyb


Innate Abilities, Weirdness & Mutations

You have a tail ending in a sharp stinger.


Message History

The ball python attacks as you move away!
The ball python bites you. The ball python barely misses you.
The ball python grabs you. The ball python constricts you.
You closely miss the ball python.
Your tail-slap misses the ball python.
The ball python bites you but does no damage.
The ball python constricts you.
The orc hits you from afar with a +0 trident.
You hit the ball python.
You kill the ball python!
The orc hits you but does no damage. The orc barely misses you.
You slash the orc!
You kill the orc!
Ijyb screams, "You nasty!
Big nasty!"
You hit the orc.
The orc is heavily wounded.
The orc misses you.
The orc hits you from afar with a +1 trident of freezing.
The orc freezes you.
You slash the orc!
You kill the orc!
The orc hits you from afar with a +1 trident of freezing.
* * * LOW HITPOINT WARNING * * *
The orc freezes you.
* * * LOW HITPOINT WARNING * * *
The orc closely misses you.
You have reached level 3!
Your experience leads to an increase in your attributes!
Increase (S)trength, (I)ntelligence, or (D)exterity?
You feel stronger. x2; Your demonic ancestry asserts itself...
Your tail grows a sharp stinger.
It was a potion of resistance.
You feel protected. The orc closely misses you.
The orc hits you but does no damage.
Things that are here:
a +0 flail; a +0 trident; a +0 leather armour You closely miss the orc.
The orc hits you with a +1 trident of freezing.
You die...

.. #.# g.# ####### ..#
#.....####.# #
#.....##...# #.#..
#.....#..#######......
#.........go@.........
#.....#.########......
#.....'.# .....
#....>###### ....
#..........# #.#
#..........# #
#..........#
#..........#
.............#


You could see Ijyb and an orc.

Vanquished Creatures
  2 orcs (D:3)
  2 bats (D:1)
  2 endoplasms (D:1)
  3 giant cockroaches (D:1)
  2 goblins (D:1)
  3 jackals (D:1)
  A quokka (D:1)
  4 ball pythons
  2 frilled lizards
  A kobold (D:1)
  3 rats (D:1)
25 creatures vanquished.

Notes
Turn   | Place    | Note
-------+----------+-------------------------------------------
     0 | D:1      | growler the Demonspawn Gladiator began the quest for the
                  | Orb.
     0 | D:1      | Reached XP level 1. HP: 16/16 MP: 1/1
    83 | D:1      | Got the Parchment of the Curse and the Crypt
   170 | D:1      | Discovered your monstrous ancestry.
   170 | D:1      | Gained mutation: You have a small tail. [demonic ancestry]
   170 | D:1      | Reached XP level 2. HP: 19/22 MP: 2/2
   949 | D:2      | You fall into a shaft and drop 2 floors!
   950 | D:4      | Identified the +4 dagger "Earthworm" {spect, rN++ Will-
                  | rCorr Dex+3}
  1033 | D:3      | Noticed Ijyb
  1046 | D:3      | HP: 1/23 [orc/+1 trident of freezing (1)]
  1047 | D:3      | Gained mutation: You have a tail ending in a sharp stinger.
                  | [demonic ancestry]
  1047 | D:3      | Reached XP level 3. HP: 1/28 MP: 3/3
  1049 | D:3      | Slain by an orc

Illustrated notes

Levels and vault maps discovered:
D:1:      shiori_shiawase, layout_loops_corners, minmay_misc_feat_plants
D:2:      layout_basic, uniq_jessica
D:3:      layout_basic, nicolae_uskayaw_suspiria, lemuel_coloured_pillars_altar,
          ebering_ghost_disaster_area, uniq_ijyb, uniq_crazy_yiuf_cottage
D:4:      layout_basic, overflow_temple_1_default,
          mainiacjoe_overflow_big_doors, minmay_distorted

Skill      XL: |  1  2 |
---------------+-------+-----
Throwing       | 2 |  2.2
Long Blades    | 3 |  3.0
Dodging        | 3 |  3.0
Fighting       | |  2.4

Action                     || total
---------------------------++-------
  Melee: Long sword        ||    76
         Tailslap          ||     3
    Use: Potion            ||     1
   Stab: Sleeping          ||     1
 Armour: Leather armour    ||    27
  Dodge: Dodged            ||    78
